MLB
PITTSBURGH PIRATES @ CINCINNATI REDS
08/31/2049
 
TOP OF THE 1ST
Pittsburgh Pirates batting - Pitching for Cincinnati Reds : LHP Marco Berrios
Pitching: LHP Marco Berrios
Batting: RHB Chiel Palstermans 0-0: Ball
1-0: Foul Ball, location: 2F
1-1: SINGLE (Groundball, 56D, EV 103.8 MPH)
Batting: LHB Jordan de Jesus 0-0: Called Strike
0-1: Foul Ball, location: 2F
0-2: Ball
1-2: Grounds into double play, 4-6-3 (Groundball, 13, EV 90.0 MPH)
Batting: RHB David Contreras 0-0: Ball
1-0: Ball
2-0: Called Strike
2-1: Swinging Strike
2-2: Ground out 6-3 (Groundball, 6, EV 90.6 MPH)
Top of the 1st over - 0 runs, 1 hit, 0 errors, 0 left on base; Pittsburgh 0 - Cincinnati 0
BOTTOM OF THE 1ST
Cincinnati Reds batting - Pitching for Pittsburgh Pirates : RHP Don Boudreau
Pitching: RHP Don Boudreau
Batting: LHB Evan Torraville 0-0: Ball
1-0: Ball
2-0: Ball
3-0: Called Strike
3-1: Called Strike
3-2: Base on Balls
Batting: RHB Willie Lazcano 0-0: Called Strike
0-1: Swinging Strike
0-2: Strikes out swinging
Batting: RHB Tony Casas 0-0: Foul Ball, location: 2F
0-1: Called Strike
0-2: Ball
1-2: Strikes out swinging
Batting: RHB Mike Alm 0-0: Called Strike
0-1: Ball
1-1: Ball
2-1: Fly out, F8 (Flyball, 8LM, EV 88.1 MPH)
Bottom of the 1st over - 0 runs, 0 hits, 0 errors, 1 left on base; Pittsburgh 0 - Cincinnati 0
TOP OF THE 2ND
Pittsburgh Pirates batting - Pitching for Cincinnati Reds : LHP Marco Berrios
Batting: LHB Nick Rooney 0-0: SINGLE (Line Drive, 8LS, EV 91.2 MPH)
Batting: RHB Jason Moss 0-0: Ball
1-0: Called Strike
1-1: SINGLE (Groundball, 56D, EV 94.4 MPH)
Nick Rooney to second
Batting: LHB Micah Boshnjaku 0-0: Called Strike
0-1: Swinging Strike
0-2: Ball
1-2: Strikes out swinging
Batting: SHB Jack Andrews 0-0: Foul Ball, location: 2F
0-1: Swinging Strike
0-2: Ball
1-2: Ball
2-2: Ball
3-2: Fly out, F8 (Flyball, 8RXD, EV 104.4 MPH)
Runner from 2nd tags up, SAFE at 3rd, no throw by CF
Batting: RHB Hugo Zacarias 0-0: Called Strike
0-1: Ball
1-1: Ball
2-1: Called Strike
2-2: SINGLE (Groundball, 4S, EV 71.9 MPH) (infield hit)
Nick Rooney scores
Jason Moss to second
Batting: SHB Brad Day 0-0: Ball
1-0: Ball
2-0: 3-RUN HOME RUN (Flyball, 7D, EV 96.2 MPH), Distance : 377 ft
Batting: RHB Chiel Palstermans 0-0: Ball
1-0: Foul Ball, location: 2F
1-1: SINGLE (Groundball, 6, EV 98.1 MPH)
Batting: LHB Jordan de Jesus 0-0: Ball
Chiel Palstermans is caught stealing 2nd base 2-6
Top of the 2nd over - 4 runs, 5 hits, 0 errors, 0 left on base; Pittsburgh 4 - Cincinnati 0
BOTTOM OF THE 2ND
Cincinnati Reds batting - Pitching for Pittsburgh Pirates : RHP Don Boudreau
Batting: RHB Fred Slade 0-0: Ground out 5-3 (Groundball, 5L, EV 83.1 MPH)
Batting: RHB Joseph Kirchmann 0-0: Called Strike
0-1: Ball
1-1: Swinging Strike
1-2: Strikes out swinging
Batting: RHB Omar Quintana 0-0: Foul Ball, location: 2F
0-1: Ground out 1-3 (Groundball, 13, EV 65.0 MPH)
Bottom of the 2nd over - 0 runs, 0 hits, 0 errors, 0 left on base; Pittsburgh 4 - Cincinnati 0
TOP OF THE 3RD
Pittsburgh Pirates batting - Pitching for Cincinnati Reds : LHP Marco Berrios
Batting: LHB Jordan de Jesus 0-0: Ball
1-0: Ball
2-0: Ball
3-0: Base on Balls
Batting: RHB David Contreras 0-0: Called Strike
0-1: Ball
1-1: Ball
2-1: Fly out, F7 (Flyball, 7S, EV 93.1 MPH)
Batting: LHB Nick Rooney 0-0: Called Strike
Jordan de Jesus is caught stealing 2nd base 2-6
0-1: Fly out, F2 (Popup, 5SF, EV 80.0 MPH)
Top of the 3rd over - 0 runs, 0 hits, 0 errors, 0 left on base; Pittsburgh 4 - Cincinnati 0
BOTTOM OF THE 3RD
Cincinnati Reds batting - Pitching for Pittsburgh Pirates : RHP Don Boudreau
Batting: LHB Antonio Figueroa 0-0: Called Strike
0-1: Hit by Pitch
Batting: RHB Juan Reyes 0-0: Called Strike
0-1: Called Strike
0-2: Fly out, F7 (Flyball, 7D, EV 95.0 MPH)
Batting: LHB Evan Torraville 0-0: Foul Ball, location: 2F
0-1: Ball
1-1: Foul Ball, location: 2F
1-2: Ball
2-2: Ball
3-2: Fly out, F7 (Flyball, 78M, EV 95.6 MPH)
Batting: RHB Willie Lazcano 0-0: Called Strike
0-1: Called Strike
0-2: 2-RUN HOME RUN (Flyball, 8LXD, EV 115.0 MPH), Distance : 467 ft
Batting: RHB Tony Casas 0-0: Ball
1-0: Foul Ball, location: 2F
1-1: Ball
2-1: SOLO HOME RUN (Flyball, 78XD, EV 100.6 MPH), Distance : 402 ft
Batting: RHB Mike Alm 0-0: Ball
1-0: Ball
2-0: SINGLE (Flyball, 78S, EV 97.5 MPH)
Batting: RHB Fred Slade 0-0: SINGLE (Line Drive, 8RS, EV 106.2 MPH)
Mike Alm to second
Runner from 2nd tries for 3rd, SAFE, throw by CF made to third
Batting: RHB Joseph Kirchmann 0-0: Called Strike
0-1: Swinging Strike
0-2: Strikes out swinging
Bottom of the 3rd over - 3 runs, 4 hits, 0 errors, 2 left on base; Pittsburgh 4 - Cincinnati 3
TOP OF THE 4TH
Pittsburgh Pirates batting - Pitching for Cincinnati Reds : LHP Marco Berrios
Batting: RHB Jason Moss 0-0: Ball
1-0: Ball
2-0: Called Strike
2-1: Foul Ball, location: 2F
2-2: Ball
3-2: Base on Balls
Batting: LHB Micah Boshnjaku 0-0: Fly out, F7 (Flyball, 7S, EV 90.0 MPH)
Batting: SHB Jack Andrews 0-0: Foul Ball, location: 2F
0-1: Ball
1-1: SINGLE (Flyball, 89S, EV 88.8 MPH)
Jason Moss to second
Batting: RHB Hugo Zacarias 0-0: Called Strike
0-1: Foul Ball, location: 2F
0-2: Strikes out looking
Batting: SHB Brad Day 0-0: Called Strike
0-1: Ball
1-1: Swinging Strike
1-2: Foul Ball, location: 2F
1-2: Foul Ball, location: 2F
1-2: SINGLE (Groundball, 6MD, EV 103.1 MPH)
Jason Moss to third
Jack Andrews to second
Runner from 3rd tries for Home, SAFE, throw by CF to home
Batting: RHB Chiel Palstermans 0-0: Foul Ball, location: 2F
0-1: Foul Ball, location: 2F
0-2: Ground out 4-3 (Groundball, 34, EV 86.9 MPH)
Top of the 4th over - 1 run, 2 hits, 0 errors, 2 left on base; Pittsburgh 5 - Cincinnati 3
BOTTOM OF THE 4TH
Cincinnati Reds batting - Pitching for Pittsburgh Pirates : RHP Don Boudreau
Batting: RHB Omar Quintana 0-0: Ball
1-0: Called Strike
1-1: Called Strike
1-2: Foul Ball, location: 2F
1-2: Strikes out swinging
Batting: LHB Antonio Figueroa 0-0: Ball
1-0: Swinging Strike
1-1: Ball
2-1: Fly out, F9 (Flyball, 9S, EV 89.4 MPH)
Batting: RHB Juan Reyes 0-0: Ball
1-0: Swinging Strike
1-1: Ball
2-1: Swinging Strike
2-2: Fly out, F9 (Flyball, 9LS, EV 88.1 MPH)
Bottom of the 4th over - 0 runs, 0 hits, 0 errors, 0 left on base; Pittsburgh 5 - Cincinnati 3
TOP OF THE 5TH
Pittsburgh Pirates batting - Pitching for Cincinnati Reds : LHP Marco Berrios
Batting: LHB Jordan de Jesus 0-0: Ball
1-0: Called Strike
1-1: Foul Ball, location: 2F
1-2: Ball
2-2: Foul Ball, location: 2F
2-2: Foul Ball, location: 2F
2-2: Ball
3-2: SINGLE (Line Drive, 6MD, EV 97.5 MPH)
Batting: RHB David Contreras 0-0: Ball
1-0: Grounds into double play, 6-4-3 (Groundball, 6, EV 76.9 MPH)
Batting: LHB Nick Rooney 0-0: Called Strike
0-1: Called Strike
0-2: Ball
1-2: Strikes out looking
Top of the 5th over - 0 runs, 1 hit, 0 errors, 0 left on base; Pittsburgh 5 - Cincinnati 3
BOTTOM OF THE 5TH
Cincinnati Reds batting - Pitching for Pittsburgh Pirates : RHP Don Boudreau
Batting: LHB Evan Torraville 0-0: Called Strike
0-1: Ball
1-1: Ball
2-1: Ball
3-1: SINGLE (Groundball, 4MD, EV 105.6 MPH)
Batting: RHB Willie Lazcano 0-0: Ground out 5-3 (Groundball, 56S, EV 69.4 MPH)
Evan Torraville to second
Batting: RHB Tony Casas 0-0: Ball
1-0: Fly out, F8 (Line Drive, 8LD, EV 90.0 MPH)
Batting: RHB Mike Alm 0-0: Called Strike
0-1: Ball
1-1: Fly out, F7 (Line Drive, 7LM, EV 91.2 MPH)
Bottom of the 5th over - 0 runs, 1 hit, 0 errors, 1 left on base; Pittsburgh 5 - Cincinnati 3
TOP OF THE 6TH
Pittsburgh Pirates batting - Pitching for Cincinnati Reds : LHP Marco Berrios
Batting: RHB Jason Moss 0-0: Called Strike
0-1: Foul Ball, location: 2F
0-2: Strikes out looking
Batting: LHB Micah Boshnjaku 0-0: Ground out 3-1 (Groundball, 34, EV 86.9 MPH)
Batting: SHB Jack Andrews 0-0: SINGLE (Groundball, 6MD, EV 94.4 MPH)
Batting: RHB Hugo Zacarias 0-0: Ball
1-0: Ball
2-0: Ground out 4-3 (Groundball, 4, EV 85.0 MPH)
Top of the 6th over - 0 runs, 1 hit, 0 errors, 1 left on base; Pittsburgh 5 - Cincinnati 3
BOTTOM OF THE 6TH
Cincinnati Reds batting - Pitching for Pittsburgh Pirates : RHP Don Boudreau
Batting: RHB Fred Slade 0-0: Called Strike
0-1: Foul Ball, location: 2F
0-2: Ball
1-2: Strikes out swinging
Batting: RHB Joseph Kirchmann 0-0: Foul Ball, location: 2F
0-1: Ball
1-1: Fly out, F4 (Line Drive, 4, EV 70.6 MPH)
Batting: RHB Omar Quintana 0-0: Called Strike
0-1: Foul Ball, location: 2F
0-2: Ball
1-2: Foul Ball, location: 2F
1-2: Ground out 6-3 (Groundball, 6, EV 90.0 MPH)
Bottom of the 6th over - 0 runs, 0 hits, 0 errors, 0 left on base; Pittsburgh 5 - Cincinnati 3
TOP OF THE 7TH
Pittsburgh Pirates batting - Pitching for Cincinnati Reds : LHP Marco Berrios
Pitching: LHP Antonio Diaz
Batting: SHB Brad Day 0-0: Ball
1-0: Fly out, F7 (Flyball, 7, EV 75.6 MPH)
Batting: RHB Chiel Palstermans 0-0: Ball
1-0: Ball
2-0: Foul Ball, location: 2F
2-1: Ball
3-1: Called Strike
3-2: Foul Ball, location: 2F
3-2: Foul Ball, location: 2F
3-2: Foul Ball, location: 2F
3-2: Base on Balls
Batting: LHB Jordan de Jesus 0-0: Ball
1-0: Called Strike
1-1: Ball
2-1: Ball
3-1: Base on Balls
Chiel Palstermans to second
Batting: RHB David Contreras 0-0: Ball
1-0: Grounds into double play, 5-4-3 (Groundball, 5S, EV 89.4 MPH)
Top of the 7th over - 0 runs, 0 hits, 0 errors, 1 left on base; Pittsburgh 5 - Cincinnati 3
BOTTOM OF THE 7TH
Cincinnati Reds batting - Pitching for Pittsburgh Pirates : RHP Don Boudreau
Batting: LHB Antonio Figueroa 0-0: Ball
1-0: Ball
2-0: Called Strike
2-1: Ball
3-1: Called Strike
3-2: Base on Balls
Pinch Hitting: LHB Chris Grunwald 0-0: Ball
Antonio Figueroa is caught stealing 2nd base 2-6
1-0: SINGLE (Line Drive, 6D, EV 94.4 MPH)
Batting: LHB Evan Torraville 0-0: Ball
1-0: SINGLE (Flyball, 34D, EV 90.6 MPH)
Chris Grunwald to second
Pinch Hitting: SHB Jun Tsuda 0-0: Foul Ball, location: 2F
0-1: Called Strike
0-2: Strikes out swinging
Batting: RHB Tony Casas 0-0: Ball
1-0: Ball
2-0: Ball
3-0: Base on Balls
Chris Grunwald to third
Evan Torraville to second
Pitching: LHP Tim Wichman
Batting: RHB Mike Alm 0-0: Foul Ball, location: 2F
0-1: Swinging Strike
0-2: Strikes out swinging
Bottom of the 7th over - 0 runs, 2 hits, 0 errors, 3 left on base; Pittsburgh 5 - Cincinnati 3
TOP OF THE 8TH
Pittsburgh Pirates batting - Pitching for Cincinnati Reds : LHP Antonio Diaz
Now at 1B: Chris Grunwald
Now at 3B: Mike Alm
Now at SS: Jun Tsuda
Now in LF: Omar Quintana
Batting: LHB Nick Rooney 0-0: Foul Ball, location: 2F
0-1: Ball
1-1: Foul Ball, location: 2F
1-2: Foul Ball, location: 2F
1-2: Ball
2-2: Ball
3-2: SINGLE (Line Drive, 8LS, EV 95.6 MPH)
Batting: RHB Jason Moss 0-0: Ball
1-0: Ball
2-0: Ball
3-0: Called Strike
3-1: Called Strike
3-2: Fly out, F7 (Flyball, 78D, EV 90.0 MPH)
Batting: LHB Micah Boshnjaku 0-0: Called Strike
0-1: Swinging Strike
0-2: Ball
1-2: Strikes out swinging
Batting: SHB Jack Andrews 0-0: Ball
1-0: Ball
2-0: Ball
3-0: DOUBLE (Line Drive, 7LM, EV 94.4 MPH)
Nick Rooney to third
Runner from 3rd tries for Home, SAFE, throw by LF to home
Batting: RHB Hugo Zacarias 0-0: Ball
1-0: Called Strike
1-1: Foul Ball, location: 2F
1-2: Ball
2-2: Foul Ball, location: 2F
2-2: SINGLE (Line Drive, 34D, EV 98.1 MPH)
Jack Andrews to third
Runner from 3rd tries for Home, SAFE, throw by RF to home
Batting: SHB Brad Day 0-0: Ball
1-0: Called Strike
1-1: Called Strike
1-2: Ball
2-2: Ball
3-2: Base on Balls
Hugo Zacarias to second
Batting: RHB Chiel Palstermans 0-0: Called Strike
0-1: Swinging Strike
0-2: Ball
1-2: Ball
2-2: Foul Ball, location: 2F
2-2: Ball
3-2: Strikes out looking
Top of the 8th over - 2 runs, 3 hits, 0 errors, 2 left on base; Pittsburgh 7 - Cincinnati 3
BOTTOM OF THE 8TH
Cincinnati Reds batting - Pitching for Pittsburgh Pirates : LHP Tim Wichman
Batting: RHB Fred Slade 0-0: Called Strike
0-1: Ball
1-1: Ball
2-1: Foul Ball, location: 2F
2-2: Ground out 5-3 (Groundball, 56, EV 79.4 MPH)
Batting: RHB Joseph Kirchmann 0-0: Called Strike
0-1: Swinging Strike
0-2: Ball
1-2: Ball
2-2: Strikes out swinging, 2-3 out at first.
Batting: RHB Omar Quintana 0-0: SOLO HOME RUN (Flyball, 7D, EV 101.9 MPH), Distance : 388 ft
Batting: LHB Antonio Figueroa 0-0: Called Strike
0-1: Foul Ball, location: 2F
0-2: Ball
1-2: Ground out 5-3 (Groundball, 5L, EV 85.6 MPH)
Bottom of the 8th over - 1 run, 1 hit, 0 errors, 0 left on base; Pittsburgh 7 - Cincinnati 4
TOP OF THE 9TH
Pittsburgh Pirates batting - Pitching for Cincinnati Reds : LHP Antonio Diaz
Pitching: RHP Jay Rapini
Batting: LHB Jordan de Jesus 0-0: Called Strike
0-1: Ball
1-1: Swinging Strike
1-2: Ball
2-2: Foul Ball, location: 2F
2-2: Ball
3-2: Foul Ball, location: 2F
3-2: DOUBLE (Line Drive, 78D, EV 115.0 MPH)
Batting: RHB David Contreras 0-0: Ball
1-0: Foul Ball, location: 2F
1-1: Foul Ball, location: 2F
1-2: Ball
2-2: Strikes out swinging
Batting: LHB Nick Rooney 0-0: Intentional Walk
Batting: RHB Jason Moss 0-0: Called Strike
0-1: Ball
1-1: Ball
2-1: Swinging Strike
2-2: Strikes out swinging
Batting: LHB Micah Boshnjaku 0-0: Foul Ball, location: 2F
0-1: Swinging Strike
0-2: SINGLE (Groundball, 56, EV 100.0 MPH)
Jordan de Jesus to third
Nick Rooney to second
Runner from 3rd tries for Home, SAFE, throw by LF to home
Batting: SHB Jack Andrews 0-0: SINGLE (Groundball, 4D, EV 100.0 MPH)
Nick Rooney to third
Micah Boshnjaku to second
Runner from 3rd tries for Home, SAFE, throw by RF to home
Batting: RHB Hugo Zacarias 0-0: Foul Ball, location: 2F
0-1: Ball
1-1: Fielders Choice at 2nd, 6-4 (Groundball, 56, EV 83.1 MPH)
Top of the 9th over - 2 runs, 3 hits, 0 errors, 2 left on base; Pittsburgh 9 - Cincinnati 4
BOTTOM OF THE 9TH
Cincinnati Reds batting - Pitching for Pittsburgh Pirates : LHP Tim Wichman
Batting: LHB Chris Grunwald 0-0: Ball
1-0: Ball
2-0: Called Strike
2-1: Ball
3-1: Base on Balls
Batting: LHB Evan Torraville 0-0: Ball
1-0: Called Strike
1-1: Called Strike
1-2: Ball
2-2: Ball
3-2: Base on Balls
Chris Grunwald to second
Batting: SHB Jun Tsuda 0-0: Ball
1-0: Swinging Strike
1-1: Called Strike
1-2: Fly out, F4 (Popup, 34S, EV 81.2 MPH)
Pitching: RHP George Sechler
Batting: RHB Tony Casas 0-0: Foul Ball, location: 2F
0-1: Swinging Strike
0-2: Ball
1-2: Ball
2-2: Foul Ball, location: 2F
2-2: SINGLE (Line Drive, 7S, EV 105.0 MPH)
Chris Grunwald to third
Evan Torraville to second
Batting: RHB Mike Alm 0-0: Foul Ball, location: 2F
0-1: Foul Ball, location: 2F
0-2: Ball
1-2: Strikes out swinging
Batting: RHB Fred Slade 0-0: Swinging Strike
0-1: Called Strike
0-2: Foul Ball, location: 2F
0-2: Strikes out swinging
Bottom of the 9th over - 0 runs, 1 hit, 0 errors, 3 left on base; Pittsburgh 9 - Cincinnati 4
Sunday, July 16th , 2023 - OOTP Baseball 24.6 Build 69